 Dungeon Crawl Stone Soup version 0.24.1-8-ga250c9d538 (webtiles) character file.

Game seed: 18258048693734493419, levelgen mode: deterministic

11045 Atelerd the Destroyer (level 11, -14/69 HPs)
             Began as an Octopode Wizard on May 5, 2020.
             Was a Priest of Sif Muna.
             Shot with a bolt by a yaktaur captain (34 damage)
             ... on level 13 of the Dungeon.
             The game lasted 00:53:38 (15986 turns).

Atelerd the Destroyer (Octopode Wizard)            Turns: 15986, Time: 00:53:38

Health: -14/69     AC:  1    Str:  7    XL:     11   Next: 71%
Magic:  22/33      EV: 14    Int: 24    God:    Sif Muna [***...]
Gold:   521        SH:  0    Dex: 15    Spells: 19/28 levels left

rFire    . . .     SeeInvis .   G - +5 dagger (pierce)
rCold    . . .     Gourm    +   (no shield)
rNeg     . . .     Faith    .   a - +0 hat
rPois    .         Spirit   .   w - amulet of the gourmand
rElec    .         Reflect  .   t - ring of magical power
rCorr    .         Harm     .   e - +5 ring of dexterity
MR       .....                  k - ring of stealth
Stlth    ++++++....             F - +4 ring of slaying (curse)
HPRegen  0.21/turn              (no ring)
MPRegen  0.23/turn              (no ring)
                                (no ring)
                                (no ring)

@: very slightly contaminated
A: almost no armour, stealthy swim, amphibious, 8 rings, constrict 8, camouflage
1, gelatinous body 1
a: Channel Magic, Forget Spell, Renounce Religion


You were on level 13 of the Dungeon.
You worshipped Sif Muna.
Sif Muna was most pleased with you.
You were not hungry.

You visited 3 branches of the dungeon, and saw 15 of its levels.

You collected 521 gold pieces.

Inventory:

Hand Weapons
 A - a +2 dagger of protection
 D - a +1 hunting sling of flaming
 G - a +5 dagger of piercing (weapon)
 L - a +3 dagger of holy wrath
 M - a +2 dagger of venom
Missiles
 p - 82 poisoned darts (quivered)
 E - 48 sling bullets
Armour
 a - a +0 hat (worn)
Jewellery
 e - a +5 ring of dexterity (right tentacle)
 k - a ring of stealth (on tentacle)
 t - a ring of magical power (left tentacle)
 w - an amulet of the gourmand (around mantle)
 x - an uncursed amulet of regeneration
 F - a cursed +4 ring of slaying (on tentacle)
Wands
 z - a wand of flame (28)
 I - a wand of enslavement (6)
 J - a wand of acid (4)
 K - a wand of digging (3)
Scrolls
 d - a scroll of enchant armour {unknown}
 h - 6 scrolls of remove curse
 l - 4 scrolls of teleportation
 o - 2 scrolls of amnesia
 q - 2 scrolls of enchant weapon {unknown}
 r - 5 scrolls of fear
 v - 2 scrolls of identify
 y - 4 scrolls of immolation {unknown}
 B - 2 scrolls of blinking
 C - 2 scrolls of vulnerability {unknown}
Potions
 b - 2 potions of heal wounds
 f - a potion of curing
 g - a potion of cancellation
 i - 2 potions of mutation
 j - 3 potions of magic
 m - 6 potions of agility
 n - 6 potions of degeneration
 s - 2 potions of lignification
 u - a potion of brilliance {unknown}
 H - a potion of might {unknown}
Comestibles
 c - 25 rations


   Skills:
 - Level 4.0 Fighting
 - Level 3.0 Short Blades
 - Level 3.2 Dodging
 + Level 8.3 Stealth
 + Level 9.3 Spellcasting
 + Level 9.8 Conjurations
   Level 1.0 Summonings
 - Level 3.0 Translocations
 - Level 1.0 Air Magic
 - Level 2.1 Poison Magic
 - Level 9.0 Invocations


You had 19 spell levels left.
You knew the following spells:

 Your Spells              Type           Power        Failure   Level  Hunger
a - Magic Dart            Conj           ####         1%          1    None
b - Mephitic Cloud        Conj/Pois/Air  ####....     3%          3    None
c - Blink                 Tloc           N/A          2%          2    None
d - Conjure Flame         Conj/Fire      ####....     2%          3    None

Your spell library contained the following spells:

 Spells                   Type           Power        Failure   Level  Hunger
 Call Imp                 Summ           ###.....     5%          2    None
 Slow                     Hex            ##......     9%          2    None


Dungeon Overview and Level Annotations

Branches:
Dungeon (13/15)            Temple (1/1) D:6            Lair (1/6) D:10
    Orc (0/2) D:10
 Vaults: D:13-14

Altars:
Ashenzari
Cheibriados
Dithmenos
Elyvilon
Fedhas
Gozag
Hepliaklqana
Kikubaaqudgha
Makhleb
Nemelex Xobeh
Okawaru
Qazlal
Ru
Sif Muna
Trog
Uskayaw
Vehumet
Wu Jian
Xom
Yredelemnul
Zin
The Shining One

Shops:
D:9 (   D:12 (

Annotations:
D:2 exclusion: 2 downstairs
D:6 exclusion: 2 downstairs
D:9 exclusion: 2 downstairs
D:10 exclusion: 3 downstairs
D:12 exclusion: downstairs


Innate Abilities, Weirdness & Mutations

You cannot wear most types of armour.
You are very stealthy in the water. (Stealth+)
You are amphibious.
You can wear up to eight rings at the same time.
You can use your tentacles to constrict eight enemies at once.
Your skin changes colour to match your surroundings (Stealth+).
Your rubbery body absorbs attacks. (AC +1, EV +1)


Message History

You are very lightly contaminated with residual magic.
Nothing appears to happen.
Casting: Conjure Flame (safe; 2% risk of failure)
Confirm with . or Enter, or press ? or * to list all spells.
Aiming: Conjure Flame (safe; 2% risk of failure)
Press: ? - help, Dir - move target cursor The fire ignites!
The yaktaur captain seems less confused.
The yaktaur captain shoots a bolt.
The bolt hits you!!
* * * LOW HITPOINT WARNING * * *
Unknown command.
Casting: Conjure Flame (safe; 2% risk of failure)
Confirm with . or Enter, or press ? or * to list all spells.
Aiming: Mephitic Cloud (safe; 3% risk of failure)
Press: ? - help, Shift-Dir - straight line The ball explodes into a vile cloud!
The stinking cloud engulfs the yaktaur captain but does no damage.
The yaktaur captain is engulfed in noxious fumes.
The yaktaur captain shoots a bolt.
The bolt hits you!!
You die...

..............# #...# #.
.......>......# #...# #.
......#######.# #..## #.
#####.# #.# #..# #. #.#
#.#######..# #. +.#
#..........# #. #.#
#..........# #.
#.#######..........#########.
#..........°@○...............
#..#########°##########......
#..# #c# +...... #..# #§#
#...... #..# #.# #.#####
#+###..# #.####### #.
.......# #........ ..
.......# #........ ...
.......#########........ ...


You could see a yaktaur captain.

Vanquished Creatures
  Pikel (D:5)
  An ugly thing (D:12)
  2 centaur zombies (D:12)
  Joseph (D:7)
  A centaur skeleton (D:13)
  A freezing wraith (D:12)
  A troll (D:9)
  A hornet (D:12)
  6 slime creatures
  A hippogriff (D:13)
  Sigmund (D:3)
  A vampire (D:10)
  A wyvern (D:10)
  3 yaks (D:9)
  Eustachio (D:5)
  3 vampire mosquitoes (D:12)
  3 wargs (D:10)
  2 hungry ghosts
  2 humans (D:7)
  An ice beast (D:6)
  2 slaves (D:5)
  A necrophage (D:12)
  5 orc warriors
  2 sky beasts
  2 centaurs
  A phantom (D:5)
  3 ogres
  4 big kobolds
  5 bullfrogs
  A scorpion (D:6)
  10 killer bees
  3 howler monkeys
  9 crimson imps
  3 bullfrog zombies
  5 hounds
  11 orc priests
  2 jellies
  Crazy Yiuf (D:3)
  17 orc wizards
  2 bullfrog skeletons
  Terence (D:2)
  2 iguanas
  2 worker ants
  3 hound skeletons
  2 worker ant zombies (D:10)
  Robin (D:3)
  5 adders
  4 gnolls (D:3)
  A shadow imp (D:2)
  3 oozes
  An adder zombie (D:6)
  8 worms
  2 dart slugs
  3 leopard geckos
  45 orcs
  2 ball pythons
  3 giant cockroaches
  21 goblins
  15 hobgoblins
  7 jackals (D:7)
  18 kobolds
  3 quokkas
  5 bats
  5 frilled lizards
  A leopard gecko skeleton (D:4)
  A quokka zombie (D:9)
  5 rats
292 creatures vanquished.

Vanquished Creatures (collateral kills)
  A gargoyle (D:12)
  A meliai (D:11)
  An ice beast (D:13)
  An orc priest (D:13)
4 creatures vanquished.

Vanquished Creatures (others)
  A plant (D:10)
1 creature vanquished.

Grand Total: 297 creatures vanquished

Notes
Turn   | Place    | Note
-------+----------+-------------------------------------------
     0 | D:1      | Atelerd the Octopode Wizard began the quest for the Orb.
     0 | D:1      | Reached XP level 1. HP: 11/11 MP: 4/4
   198 | D:1      | Reached XP level 2. HP: 13/17 MP: 3/6
   888 | D:1      | Reached XP level 3. HP: 21/21 MP: 7/7
   893 | D:1      | Learned a level 3 spell: Mephitic Cloud
   896 | D:1      | Learned a level 2 spell: Blink
  1256 | D:2      | Found a stormy altar of Qazlal.
  1265 | D:2      | Found a transporter.
  1273 | D:2      | Found a transporter.
  1561 | D:2      | Found a snail-covered altar of Cheibriados.
  1601 | D:2      | Noticed Terence
  2482 | D:2      | Reached XP level 4. HP: 22/27 MP: 0/9
  2510 | D:2      | Learned a level 3 spell: Conjure Flame
  2577 | D:2      | Killed Terence
  2577 | D:2      | Reached skill level 1 in Poison Magic
  2728 | D:2      | Reached skill level 1 in Air Magic
  2867 | D:3      | Reached XP level 5. HP: 19/31 MP: 3/10
  3387 | D:3      | Noticed Robin
  3719 | D:3      | Noticed Sigmund
  3952 | D:3      | Killed Sigmund
  3952 | D:3      | Reached XP level 6. HP: 36/36 MP: 7/13
  3960 | D:3      | Killed Robin
  4153 | D:3      | Found a runed translucent door.
  4154 | D:3      | Noticed Crazy Yiuf
  4246 | D:3      | Killed Crazy Yiuf
  4246 | D:3      | Reached skill level 5 in Spellcasting
  4246 | D:3      | Reached XP level 7. HP: 29/41 MP: 8/14
  4376 | D:4      | Reached skill level 5 in Conjurations
  5165 | D:5      | Entered Level 5 of the Dungeon
  5185 | D:5      | Reached skill level 1 in Fighting
  5756 | D:5      | Reached XP level 8. HP: 50/50 MP: 16/16
  5904 | D:5      | Found a shattered altar of Ashenzari.
  6108 | D:5      | Noticed Eustachio
  6117 | D:5      | Killed Eustachio
  6223 | D:5      | Noticed Pikel
  6235 | D:5      | Killed Pikel
  6235 | D:5      | Reached skill level 5 in Stealth
  6450 | D:6      | Reached XP level 9. HP: 57/57 MP: 12/18
  7259 | D:6      | Found a hide-covered altar of Uskayaw.
  7292 | D:6      | Found a staircase to the Ecumenical Temple.
  7484 | D:7      | Noticed Joseph
  7718 | Temple   | Entered the Ecumenical Temple
  7768 | Temple   | Became a worshipper of Sif Muna the Loreminder
  8153 | D:7      | Reached skill level 1 in Invocations
  8471 | D:7      | Found an iron altar of Okawaru.
  8887 | D:7      | Killed Joseph
  8887 | D:7      | Reached skill level 1 in Short Blades
  9271 | D:7      | Found a hazy altar of Hepliaklqana.
  9362 | D:8      | Found a basalt altar of Yredelemnul.
  9362 | D:8      | Found a sacrificial altar of Ru.
  9363 | D:8      | Found a burning altar of Makhleb.
  9382 | D:8      | Reached * piety under Sif Muna
  9476 | D:8      | Reached XP level 10. HP: 62/63 MP: 21/21
  9753 | D:8      | Found a white marble altar of Elyvilon.
  9954 | D:9      | Found Puryczim's Weapon Shoppe.
  9980 | D:9      | Reached skill level 5 in Invocations
 10066 | D:9      | Found a glowing golden altar of the Shining One.
 10149 | D:9      | Found a shimmering altar of Xom.
 10822 | D:10     | Entered Level 10 of the Dungeon
 11465 | D:10     | Found a staircase to the Lair.
 11796 | D:10     | Reached ** piety under Sif Muna
 11973 | D:10     | Found a staircase to the Orcish Mines.
 12034 | D:11     | Noticed a red ugly thing
 12467 | Lair:1   | Entered Level 1 of the Lair of Beasts
 13154 | D:11     | Reached XP level 11. HP: 26/67 MP: 18/23
 13395 | D:11     | Reached *** piety under Sif Muna
 14592 | D:12     | Noticed a purple ugly thing
 14608 | D:12     | Killed a cyan ugly thing
 14729 | D:12     | Found Sosmid's Weapon Boutique.
 15948 | D:13     | Noticed a yaktaur captain
 15986 | D:13     | Shot with a bolt by a yaktaur captain

Levels and vault maps discovered:
D:1:      lemuel_arrival_river_bridge, layout_loops_corners
D:2:      layout_basic, lemuel_crystal_altar, gammafunk_temple_overflow_arena,
          minmay_splitting_lines, uniq_terence
D:3:      layout_rooms, uniq_crazy_yiuf_cottage, uniq_robin, uniq_sigmund
D:4:      layout_loops_ring
D:5:      layout_loops_corners, cheibrodos_ashenzari_chains, first_ration,
          dk_vineyard_1, hangedman_decor_push, uniq_eustachio, uniq_pikel
D:6:      layout_cave_pools, eat_drink_and_be_merry_uskayaw,
          minmay_temple_entry_fiery
D:7:      layout_rooms, overflow_temple_1_default, okawaru_humans, uniq_joseph
D:8:      layout_basic, nicolae_overflow_hidden_temple,
          chequers_temple_overflow_statue_of_worship
D:9:      layout_loops_corners, xom_teletrap_fun, lemuel_coloured_pillars_altar,
          serial_shops, shop_fountains, blue_anna_alchemist
          [blue_anna_fruit_fields, blue_anna_fruit_fields],
          kennysheep_generic_room_11
D:10:     layout_gridville, erik_lair_orcish_takeover, erik_orc_3
D:11:     minmay_the_grid_4x2 [minmay_the_grid_square_x,
          minmay_the_grid_plusring, minmay_the_grid_armoury,
          minmay_the_grid_spin_star, minmay_the_grid_pillar_ring,
          minmay_the_grid_zigzag_pyramid, minmay_the_grid_outer_circle,
          minmay_the_grid_prize_shrinking_boxes], layout_cross,
          gauntlet_entry_generic, basic_altar, kennysheep_nondescript
D:12:     layout_roguey, serial_shops, shop
D:13:     layout_irregular_city, david_vaults_2, serial_shops, kennysheep_mini
Temple:   cyrus_temple_forest
Lair:1:   layout_chaotic_city, gammafunk_ghost_cemetery

Skill      XL: |  1  2  3  4  5  6  7  8  9 10 11 |
---------------+----------------------------------+-----
Conjurations   | 2 3 4 5 6 8 9 |  9.8
Poison Magic   | 1 2 |  2.1
Air Magic      | 1 |  1.0
Spellcasting   | 4 5 6 7 8 9 |  9.3
Stealth        | 4 5 6 7 8 |  8.3
Fighting       | 1 3 4 |  4.0
Dodging        | 3 |  3.2
Invocations    | 3 7 9 |  9.0
Short Blades   | 2 3 |  3.0
Translocations | 3 |  3.0
Summonings     | |  1.0

Action                   |  1- 3 |  4- 6 |  7- 9 | 10-12 || total
-------------------------+-------+-------+-------+-------++-------
Melee: Dagger            |    18 |       |    17 |   172 ||   207
       Constrict         |    11 |    21 |    41 |    46 ||   119
       Tentacles         |     5 |    15 |    34 |    30 ||    84
       Short sword       |    30 |    91 |   133 |       ||   254
Throw: Dart              |    10 |    10 |       |     2 ||    22
 Cast: Magic Dart        |    38 |    40 |   192 |   228 ||   498
       Mephitic Cloud    |     7 |    13 |    36 |    42 ||    98
       Blink             |     3 |     4 |     3 |    28 ||    38
       Conjure Flame     |       |     2 |    14 |    56 ||    72
Invok: Channel Magic     |       |       |       |     2 ||     2
Evoke: Wand              |       |       |     3 |    13 ||    16
  Use: Scroll            |     5 |     1 |     9 |     8 ||    23
       Potion            |     2 |       |     1 |     7 ||    10
 Stab: Sleeping          |     8 |     4 |     5 |     6 ||    23
       Confused          |       |     5 |     8 |    14 ||    27
       Distracted        |       |       |     1 |     1 ||     2
  Eat: Chunk             |     4 |     8 |    16 |    19 ||    47
       Ration            |       |       |     1 |       ||     1
Armor: Skin              |     9 |    16 |    21 |    11 ||    57
Dodge: Dodged            |    30 |    52 |    93 |   139 ||   314
